Connexion

NEW YORK Islanders vs BUFFALO Sabres

Created - 23 octobre 2023 at 07:29

Goals
1 2 3 T
NEW YORK Islanders 1 0 0 1
BUFFALO Sabres 0 3 1 4
Shots
1 2 3 T
NEW YORK Islanders 6 6 3 15
BUFFALO Sabres 10 10 13 33

GoalsPenalties
1st period
1. NEW YORK Islanders , Brendan Lemieux 4 (Alexander Radulov 2, Brendan Leipsic 4) at 5:17
Timothy Liljegren (BUF) for Delaying the game (Minor) at 2:50
Kyle Palmieri (NYI) for High sticking (Minor) at 13:23
2nd period
2. BUFFALO Sabres , Sam Gagner 11 (Hampus Lindholm 25, Mikhail Grigorenko 18) at 0:18
3. BUFFALO Sabres , Robby Fabbri 20 (Nelson Nogier 13, Ryan Johansen 24) at 0:57
4. BUFFALO Sabres , Joe Hicketts 2 (Conor Sheary 16) at 13:37
Hampus Lindholm (BUF) for Roughing (Minor) at 19:26
3rd period
5. BUFFALO Sabres , Hampus Lindholm 8 (Conor Sheary 17, Ryan Johansen 25) at 10:57 (PP)
Adam Pelech (NYI) for Interference (Minor) at 4:49
Vincent Hinostroza (NYI) for Holding (Minor) at 7:00
Nikolai Knyzhov (NYI) for Tripping (Minor) at 9:30
Michael Del Zotto (BUF) for Hooking (Minor) at 11:36
Goalie Stats
Linus Ullmark (NYI), 29 saves from 33 shots - (0,879), L, 13-12-1, 60:00 minutes
Thatcher Demko (BUF), 14 saves from 15 shots - (0,933), W, 10-6-1, 60:00 minutes
3 StarsOfficial
1 - Ryan Johansen (BUF)
2 - Conor Sheary (BUF)
3 - Sam Gagner (BUF)
Referees : Ian Walsh and Brad Meier
Linesman : Brad Lazarowich and Derek Amell
Game Note
Robby Fabbri is injured at 13:20 of 2nd period (Bruised Right Arm)
Finance
Level 1 -- Attendance: 5381 (89,68%) -- Ticket Income 731 816 $
Level 2 -- Attendance: 5690 (100,00%) -- Ticket Income 483 650 $
Level 3 -- Attendance: 2000 (100,00%) -- Ticket Income 110 000 $
Level 4 -- Attendance: 3028 (75,70%) -- Ticket Income 118 092 $
Luxury Box -- Attendance: 980 (98,00%) -- Ticket Income 276 360 $
Game was played at the HSBC Arena.
Total Attendance: 17079 (91,38%)
Total Ticket Income: 1 719 918 $
Other Income: 343 984 $
Total Income: 2 063 902 $



Team Name Goals Shots Shots Attemp Shots Blocked PIM HIT PP PK FO%
NEW YORK Islanders 11548148210 / 3 (0%)139%
BUFFALO Sabres 4338636131 / 4 (25%)061%

NEW YORK Islanders
Player Name POS G A P +/- PIM HIT SHT SB MP PP MP PP SHT PK MP PK SHT FO% FOT
Adam PelechD000-1212220:222:5122:3500% 0
Alexander RadulovRW011000007:020:0000:0000% 1
Anthony DuclairLW/RW000-1001120:193:0600:000100% 4
Brendan LeipsicC/LW011000109:120:0002:10022% 9
Brendan LemieuxLW101002108:090:0001:0700% 2
Calle RosenD000-1020121:272:5103:3900% 0
Ilya MikheyevRW000001018:400:0000:0000% 0
Jeff SkinnerC/LW000-1002123:443:0603:25036% 25
Josh BaileyC/LW/RW0000012113:120:0004:32063% 8
Kevin ShattenkirkD000-2000024:543:0603:4900% 0
Kyle PalmieriRW000-1212020:183:0600:0000% 1
Nicklas BackstromC000-1020118:462:5102:11038% 21
Nikolai KnyzhovD0001260213:420:0000:0000% 0
Patrik LaineLW/RW000-1011113:440:0000:00050% 2
Ryan McDonagh D000-2011124:473:0613:4200% 0
Sven BaertschiLW0000000011:312:5100:0000% 1
Travis DermottD0001030214:460:0001:0300% 0
Vincent HinostrozaC/RW000-1202017:572:5101:2300% 0
BUFFALO Sabres
Player Name POS G A P +/- PIM HIT SHT SB MP PP MP PP SHT PK MP PK SHT FO% FOT
Anton BlidhLW000001107:290:0000:0000% 0
Brandon SaadLW/RW0001002021:204:2101:3900% 1
Conor ShearyLW/RW0222000016:053:0300:000100% 1
Eetu LuostarinenC000-1000011:480:0400:00079% 14
Hampus LindholmD1121214024:063:5642:0000% 0
Ivan BarbashevC/LW/RW000-1010011:440:0000:0000% 0
Jesper BoqvistC/LW000000106:330:0000:00083% 6
Joe HickettsD1010012115:260:0001:3600% 0
Joel FarabeeLW000-1016014:002:1610:0000% 2
Michael Del ZottoD0000200013:490:0000:0000% 0
Mikhail GrigorenkoC/LW/RW0111002021:204:2101:390100% 2
Nelson NogierD0111031020:523:2802:4600% 0
Robby FabbriC/LW101100309:350:4300:0000% 0
Ryan JohansenC0222012020:233:0304:18058% 26
Sam GagnerC/LW/RW1011025023:594:2104:18050% 22
Timothy LiljegrenD0001212224:223:5622:1600% 0
Tyler MyersD0001002021:223:2803:1600% 0
Warren FoegeleLW/RW000101009:470:0000:0000% 0



Play-by-Play

1st period


0:01 of 1st period - Sam Gagner wins face-off versus Jeff Skinner in neutral zone.
0:17 of 1st period - Icing by Mikhail Grigorenko.
0:18 of 1st period - Sam Gagner wins face-off versus Nicklas Backstrom in BUFFALO Sabres zone.
0:39 of 1st period - Shot by Sam Gagner.
0:39 of 1st period - Shot Misses the Net.
0:41 of 1st period - Shot by Brandon Saad.
0:41 of 1st period - Stopped by Linus Ullmark with a rebound.
0:43 of 1st period - Shot by Sam Gagner.
0:43 of 1st period - Stopped by Linus Ullmark without a rebound.
0:44 of 1st period - Ryan Johansen wins face-off versus Josh Bailey in NEW YORK Islanders zone.
1:13 of 1st period - Shot by Ilya Mikheyev.
1:13 of 1st period - Shot Hit the Post.
1:20 of 1st period - Off-side.
1:21 of 1st period - Jeff Skinner wins face-off versus Eetu Luostarinen in neutral zone.
1:53 of 1st period - Off-side.
1:54 of 1st period - Jesper Boqvist wins face-off versus Brendan Leipsic in neutral zone.
1:59 of 1st period - Calle Rosen is hit by Anton Blidh and loses puck.
2:33 of 1st period - Shot by Brendan Lemieux.
2:33 of 1st period - Shot Blocked by Timothy Liljegren.
2:37 of 1st period - Shot by Brendan Lemieux.
2:37 of 1st period - Shot Misses the Net.
2:50 of 1st period - Minor Penalty to Timothy Liljegren for Delaying the game.
2:51 of 1st period - Ryan Johansen wins face-off versus Kyle Palmieri in BUFFALO Sabres zone.
3:56 of 1st period - Shot by Vincent Hinostroza.
3:56 of 1st period - Shot Misses the Net.
3:58 of 1st period - Shot by Adam Pelech.
3:58 of 1st period - Stopped by Thatcher Demko without a rebound.
3:59 of 1st period - Mikhail Grigorenko wins face-off versus Nicklas Backstrom in BUFFALO Sabres zone.
4:24 of 1st period - Shot by Sven Baertschi.
4:24 of 1st period - Shot Misses the Net.
4:26 of 1st period - Shot by Adam Pelech.
4:26 of 1st period - Stopped by Thatcher Demko without a rebound.
4:27 of 1st period - Anthony Duclair wins face-off versus Ryan Johansen in BUFFALO Sabres zone.
5:17 of 1st period - Shot by Brendan Lemieux.
5:17 of 1st period - Goal by Brendan Lemieux - NEW YORK Islanders : 1 - BUFFALO Sabres : 0.
5:18 of 1st period - Sam Gagner wins face-off versus Nicklas Backstrom in neutral zone.
5:21 of 1st period - Shot by Sam Gagner.
5:21 of 1st period - Stopped by Linus Ullmark without a rebound.
5:22 of 1st period - Ryan Johansen wins face-off versus Jeff Skinner in NEW YORK Islanders zone.
5:26 of 1st period - Robby Fabbri is hit by Ryan McDonagh and loses puck.
5:30 of 1st period - Icing by Ryan McDonagh .
5:31 of 1st period - Sam Gagner wins face-off versus Jeff Skinner in NEW YORK Islanders zone.
5:50 of 1st period - Shot by Kyle Palmieri.
5:50 of 1st period - Shot Misses the Net.
5:52 of 1st period - Shot by Jeff Skinner.
5:52 of 1st period - Stopped by Thatcher Demko without a rebound.
5:53 of 1st period - Nicklas Backstrom wins face-off versus Ryan Johansen in BUFFALO Sabres zone.
5:56 of 1st period - Shot by Vincent Hinostroza.
5:56 of 1st period - Stopped by Thatcher Demko without a rebound.
5:57 of 1st period - Ryan Johansen wins face-off versus Patrik Laine in BUFFALO Sabres zone.
6:06 of 1st period - Shot by Vincent Hinostroza.
6:06 of 1st period - Deflect By Patrik Laine.
6:06 of 1st period - Shot Misses the Net.
6:08 of 1st period - Shot by Nicklas Backstrom.
6:08 of 1st period - Shot Misses the Net.
6:26 of 1st period - Shot by Kevin Shattenkirk.
6:26 of 1st period - Shot Misses the Net.
6:28 of 1st period - Shot by Patrik Laine.
6:28 of 1st period - Shot Misses the Net.
6:58 of 1st period - Shot by Sam Gagner.
6:58 of 1st period - Stopped by Linus Ullmark with a rebound.
8:25 of 1st period - Shot by Josh Bailey.
8:25 of 1st period - Stopped by Thatcher Demko without a rebound.
8:26 of 1st period - Ryan Johansen wins face-off versus Brendan Leipsic in BUFFALO Sabres zone.
9:03 of 1st period - Ryan Johansen is hit by Nikolai Knyzhov.
10:27 of 1st period - Off-side.
10:28 of 1st period - Sam Gagner wins face-off versus Jeff Skinner in neutral zone.
10:56 of 1st period - Jeff Skinner is hit by Nelson Nogier and loses puck.
11:06 of 1st period - Jeff Skinner is hit by Nelson Nogier and loses puck.
11:30 of 1st period - Icing by Ryan McDonagh .
11:31 of 1st period - Josh Bailey wins face-off versus Ryan Johansen in NEW YORK Islanders zone.
12:06 of 1st period - Off-side.
12:07 of 1st period - Jesper Boqvist wins face-off versus Nicklas Backstrom in neutral zone.
12:24 of 1st period - Shot by Warren Foegele.
12:24 of 1st period - Deflect By Jesper Boqvist.
12:24 of 1st period - Shot Misses the Net.
12:26 of 1st period - Shot by Warren Foegele.
12:26 of 1st period - Deflect By Jesper Boqvist.
12:26 of 1st period - Stopped by Linus Ullmark without a rebound.
12:27 of 1st period - Anthony Duclair wins face-off versus Joel Farabee in NEW YORK Islanders zone.
12:37 of 1st period - Shot by Eetu Luostarinen.
12:37 of 1st period - Shot Misses the Net.
12:48 of 1st period - Ivan Barbashev is hit by Calle Rosen and loses puck.
13:23 of 1st period - Minor Penalty to Kyle Palmieri for High sticking.
13:24 of 1st period - Brendan Leipsic wins face-off versus Sam Gagner in NEW YORK Islanders zone.
14:49 of 1st period - Shot by Conor Sheary.
14:49 of 1st period - Shot Misses the Net.
14:51 of 1st period - Shot by Conor Sheary.
14:51 of 1st period - Deflect By Ryan Johansen.
14:51 of 1st period - Shot Blocked by Adam Pelech.
15:26 of 1st period - Sam Gagner is hit by Nikolai Knyzhov and loses puck.
16:01 of 1st period - Shot by Jesper Boqvist.
16:01 of 1st period - Shot Misses the Net.
16:03 of 1st period - Shot by Warren Foegele.
16:03 of 1st period - Deflect By Jesper Boqvist.
16:03 of 1st period - Shot Misses the Net.
16:08 of 1st period - Icing by Travis Dermott.
16:09 of 1st period - Ryan Johansen wins face-off versus Brendan Leipsic in NEW YORK Islanders zone.
16:16 of 1st period - Shot by Ryan Johansen.
16:16 of 1st period - Shot Misses the Net.
16:27 of 1st period - Icing by Timothy Liljegren.
16:28 of 1st period - Jeff Skinner wins face-off versus Ryan Johansen in BUFFALO Sabres zone.
17:05 of 1st period - Icing by Kevin Shattenkirk.
17:06 of 1st period - Anthony Duclair wins face-off versus Sam Gagner in NEW YORK Islanders zone.
17:20 of 1st period - Shot by Sam Gagner.
17:20 of 1st period - Stopped by Linus Ullmark with a rebound.
17:34 of 1st period - Shot by Sam Gagner.
17:34 of 1st period - Deflect By Mikhail Grigorenko.
17:34 of 1st period - Stopped by Linus Ullmark without a rebound.
17:35 of 1st period - Eetu Luostarinen wins face-off versus Nicklas Backstrom in NEW YORK Islanders zone.
17:36 of 1st period - Shot by Joel Farabee.
17:36 of 1st period - Shot Blocked by Calle Rosen.
17:50 of 1st period - Shot by Ivan Barbashev.
17:50 of 1st period - Deflect By Joel Farabee.
17:50 of 1st period - Stopped by Linus Ullmark without a rebound.
17:51 of 1st period - Jesper Boqvist wins face-off versus Josh Bailey in NEW YORK Islanders zone.
17:53 of 1st period - Anton Blidh is hit by Nikolai Knyzhov.
17:58 of 1st period - Jesper Boqvist is hit by Nikolai Knyzhov and loses puck.
18:02 of 1st period - Warren Foegele is hit by Nikolai Knyzhov and loses puck.
18:47 of 1st period - Travis Dermott is hit by Sam Gagner.
18:56 of 1st period - Shot by Sam Gagner.
18:56 of 1st period - Shot Misses the Net.
18:58 of 1st period - Shot by Brandon Saad.
18:58 of 1st period - Stopped by Linus Ullmark with a rebound.
19:14 of 1st period - Shot by Mikhail Grigorenko.
19:14 of 1st period - Shot Blocked by Nikolai Knyzhov.
19:16 of 1st period - Shot by Sam Gagner.
19:16 of 1st period - Shot Misses the Net.
19:18 of 1st period - Shot by Sam Gagner.
19:18 of 1st period - Shot Blocked by Ilya Mikheyev.
19:46 of 1st period - Shot by Robby Fabbri.
19:46 of 1st period - Stopped by Linus Ullmark without a rebound.
19:47 of 1st period - Jeff Skinner wins face-off versus Eetu Luostarinen in NEW YORK Islanders zone.
Goals for this period are 1 for NEW YORK Islanders vs 0 for BUFFALO Sabres.
Shots for this period are 6 for NEW YORK Islanders vs 10 for BUFFALO Sabres.

2nd period


0:01 of 2nd period - Sam Gagner wins face-off versus Nicklas Backstrom in neutral zone.
0:18 of 2nd period - Shot by Sam Gagner.
0:18 of 2nd period - Goal by Sam Gagner - NEW YORK Islanders : 1 - BUFFALO Sabres : 1.
0:19 of 2nd period - Jeff Skinner wins face-off versus Ryan Johansen in neutral zone.
0:38 of 2nd period - Calle Rosen is hit by Ryan Johansen and loses puck.
0:49 of 2nd period - Shot by Ryan Johansen.
0:49 of 2nd period - Shot Misses the Net.
0:51 of 2nd period - Shot by Robby Fabbri.
0:51 of 2nd period - Deflect By Ryan Johansen.
0:51 of 2nd period - Shot Blocked by Adam Pelech.
0:53 of 2nd period - Shot by Tyler Myers.
0:53 of 2nd period - Stopped by Linus Ullmark with a rebound.
0:55 of 2nd period - Shot by Ryan Johansen.
0:55 of 2nd period - Shot Misses the Net.
0:57 of 2nd period - Shot by Nelson Nogier.
0:57 of 2nd period - Deflect By Robby Fabbri.
0:57 of 2nd period - Goal by Robby Fabbri - NEW YORK Islanders : 1 - BUFFALO Sabres : 2.
0:58 of 2nd period - Nicklas Backstrom wins face-off versus Sam Gagner in neutral zone.
1:06 of 2nd period - Icing by Hampus Lindholm.
1:07 of 2nd period - Sam Gagner wins face-off versus Nicklas Backstrom in BUFFALO Sabres zone.
1:14 of 2nd period - Shot by Mikhail Grigorenko.
1:14 of 2nd period - Stopped by Linus Ullmark without a rebound.
1:15 of 2nd period - Patrik Laine wins face-off versus Sam Gagner in NEW YORK Islanders zone.
1:32 of 2nd period - Shot by Vincent Hinostroza.
1:32 of 2nd period - Shot Misses the Net.
2:41 of 2nd period - Shot by Anthony Duclair.
2:41 of 2nd period - Deflect By Jeff Skinner.
2:41 of 2nd period - Shot Misses the Net.
2:48 of 2nd period - Icing by Conor Sheary.
2:49 of 2nd period - Josh Bailey wins face-off versus Ryan Johansen in BUFFALO Sabres zone.
3:06 of 2nd period - Shot by Ryan Johansen.
3:06 of 2nd period - Stopped by Linus Ullmark without a rebound.
3:07 of 2nd period - Brendan Leipsic wins face-off versus Eetu Luostarinen in NEW YORK Islanders zone.
3:30 of 2nd period - Off-side.
3:31 of 2nd period - Jeff Skinner wins face-off versus Sam Gagner in neutral zone.
3:34 of 2nd period - Shot by Adam Pelech.
3:34 of 2nd period - Shot Misses the Net.
3:46 of 2nd period - Shot by Jeff Skinner.
3:46 of 2nd period - Shot Misses the Net.
3:48 of 2nd period - Shot by Kyle Palmieri.
3:48 of 2nd period - Shot Misses the Net.
3:50 of 2nd period - Shot by Kyle Palmieri.
3:50 of 2nd period - Stopped by Thatcher Demko without a rebound.
3:51 of 2nd period - Nicklas Backstrom wins face-off versus Ryan Johansen in BUFFALO Sabres zone.
4:02 of 2nd period - Icing by Tyler Myers.
4:03 of 2nd period - Ryan Johansen wins face-off versus Jeff Skinner in BUFFALO Sabres zone.
4:03 of 2nd period - Ryan Johansen is hit by Kyle Palmieri.
5:08 of 2nd period - Shot by Patrik Laine.
5:08 of 2nd period - Shot Misses the Net.
5:10 of 2nd period - Shot by Vincent Hinostroza.
5:10 of 2nd period - Shot Misses the Net.
5:14 of 2nd period - Shot by Vincent Hinostroza.
5:14 of 2nd period - Stopped by Thatcher Demko without a rebound.
5:15 of 2nd period - Josh Bailey wins face-off versus Sam Gagner in BUFFALO Sabres zone.
5:25 of 2nd period - Hampus Lindholm is hit by Ilya Mikheyev and loses puck.
5:32 of 2nd period - Icing by Sven Baertschi.
5:33 of 2nd period - Eetu Luostarinen wins face-off versus Sven Baertschi in NEW YORK Islanders zone.
6:02 of 2nd period - Shot by Sven Baertschi.
6:02 of 2nd period - Shot Misses the Net.
6:04 of 2nd period - Shot by Sven Baertschi.
6:04 of 2nd period - Shot Blocked by Joe Hicketts.
6:06 of 2nd period - Shot by Josh Bailey.
6:06 of 2nd period - Stopped by Thatcher Demko without a rebound.
6:07 of 2nd period - Jeff Skinner wins face-off versus Sam Gagner in BUFFALO Sabres zone.
6:26 of 2nd period - Shot by Jeff Skinner.
6:26 of 2nd period - Deflect By Kyle Palmieri.
6:26 of 2nd period - Shot Misses the Net.
6:32 of 2nd period - Shot by Jeff Skinner.
6:32 of 2nd period - Stopped by Thatcher Demko with a rebound.
6:34 of 2nd period - Shot by Ryan McDonagh .
6:34 of 2nd period - Shot Misses the Net.
6:36 of 2nd period - Shot by Kevin Shattenkirk.
6:36 of 2nd period - Shot Misses the Net.
6:38 of 2nd period - Shot by Kyle Palmieri.
6:38 of 2nd period - Deflect By Anthony Duclair.
6:38 of 2nd period - Shot Misses the Net.
6:40 of 2nd period - Shot by Anthony Duclair.
6:40 of 2nd period - Stopped by Thatcher Demko without a rebound.
6:41 of 2nd period - Eetu Luostarinen wins face-off versus Nicklas Backstrom in BUFFALO Sabres zone.
6:41 of 2nd period - Eetu Luostarinen is hit by Patrik Laine.
6:46 of 2nd period - Ivan Barbashev is hit by Calle Rosen and loses puck.
7:12 of 2nd period - Shot by Vincent Hinostroza.
7:12 of 2nd period - Shot Misses the Net.
7:23 of 2nd period - Icing by Michael Del Zotto.
7:24 of 2nd period - Eetu Luostarinen wins face-off versus Jeff Skinner in BUFFALO Sabres zone.
7:51 of 2nd period - Shot by Brandon Saad.
7:51 of 2nd period - Shot Misses the Net.
8:42 of 2nd period - Off-side.
8:43 of 2nd period - Nicklas Backstrom wins face-off versus Jesper Boqvist in neutral zone.
8:50 of 2nd period - Shot by Vincent Hinostroza.
8:50 of 2nd period - Shot Misses the Net.
9:22 of 2nd period - Shot by Anton Blidh.
9:22 of 2nd period - Shot Misses the Net.
9:56 of 2nd period - Shot by Robby Fabbri.
9:56 of 2nd period - Stopped by Linus Ullmark with a rebound.
10:30 of 2nd period - Shot by Mikhail Grigorenko.
10:30 of 2nd period - Shot Hit the Post.
10:57 of 2nd period - Shot by Sam Gagner.
10:57 of 2nd period - Shot Misses the Net.
11:18 of 2nd period - Icing by Tyler Myers.
11:19 of 2nd period - Eetu Luostarinen wins face-off versus Jeff Skinner in BUFFALO Sabres zone.
12:23 of 2nd period - Shot by Robby Fabbri.
12:23 of 2nd period - Shot Misses the Net.
12:25 of 2nd period - Shot by Joe Hicketts.
12:25 of 2nd period - Stopped by Linus Ullmark without a rebound.
12:26 of 2nd period - Sam Gagner wins face-off versus Josh Bailey in NEW YORK Islanders zone.
12:26 of 2nd period - Mikhail Grigorenko is hit by Nikolai Knyzhov and loses puck.
12:42 of 2nd period - Brandon Saad is hit by Travis Dermott and loses puck.
12:55 of 2nd period - Travis Dermott is hit by Sam Gagner and loses puck.
13:11 of 2nd period - Icing by Ilya Mikheyev.
13:12 of 2nd period - Josh Bailey wins face-off versus Ryan Johansen in NEW YORK Islanders zone.
13:19 of 2nd period - Robby Fabbri is hit by Josh Bailey and loses puck.
13:20 of 2nd period - Robby Fabbri from BUFFALO Sabres is injured at 13:20 of 2nd period (Bruised Right Arm).
13:21 of 2nd period - Ryan Johansen wins face-off versus Brendan Lemieux in BUFFALO Sabres zone.
13:30 of 2nd period - Ryan McDonagh is hit by Warren Foegele and loses puck.
13:35 of 2nd period - Shot by Conor Sheary.
13:35 of 2nd period - Shot Misses the Net.
13:37 of 2nd period - Shot by Joe Hicketts.
13:37 of 2nd period - Goal by Joe Hicketts - NEW YORK Islanders : 1 - BUFFALO Sabres : 3.
13:38 of 2nd period - Jeff Skinner wins face-off versus Joel Farabee in neutral zone.
14:09 of 2nd period - Shot by Joel Farabee.
14:09 of 2nd period - Stopped by Linus Ullmark with a rebound.
14:11 of 2nd period - Shot by Joel Farabee.
14:11 of 2nd period - Deflect By Ivan Barbashev.
14:11 of 2nd period - Shot Misses the Net.
15:11 of 2nd period - Shot by Mikhail Grigorenko.
15:11 of 2nd period - Shot Misses the Net.
15:18 of 2nd period - Icing by Jeff Skinner.
15:19 of 2nd period - Ryan Johansen wins face-off versus Jeff Skinner in NEW YORK Islanders zone.
15:26 of 2nd period - Shot by Conor Sheary.
15:26 of 2nd period - Shot Misses the Net.
15:28 of 2nd period - Shot by Michael Del Zotto.
15:28 of 2nd period - Shot Misses the Net.
15:30 of 2nd period - Shot by Joe Hicketts.
15:30 of 2nd period - Shot Blocked by Anthony Duclair.
15:32 of 2nd period - Shot by Ryan Johansen.
15:32 of 2nd period - Shot Misses the Net.
16:12 of 2nd period - Shot by Joel Farabee.
16:12 of 2nd period - Shot Misses the Net.
16:14 of 2nd period - Shot by Ivan Barbashev.
16:14 of 2nd period - Shot Misses the Net.
16:16 of 2nd period - Shot by Tyler Myers.
16:16 of 2nd period - Stopped by Linus Ullmark without a rebound.
16:17 of 2nd period - Eetu Luostarinen wins face-off versus Nicklas Backstrom in NEW YORK Islanders zone.
17:41 of 2nd period - Shot by Josh Bailey.
17:41 of 2nd period - Shot Misses the Net.
18:17 of 2nd period - Nelson Nogier is hit by Brendan Lemieux and loses puck.
18:25 of 2nd period - Icing by Tyler Myers.
18:26 of 2nd period - Mikhail Grigorenko wins face-off versus Nicklas Backstrom in BUFFALO Sabres zone.
18:36 of 2nd period - Icing by Adam Pelech.
18:37 of 2nd period - Nicklas Backstrom wins face-off versus Ryan Johansen in NEW YORK Islanders zone.
18:42 of 2nd period - Shot by Patrik Laine.
18:42 of 2nd period - Shot Misses the Net.
18:44 of 2nd period - Shot by Adam Pelech.
18:44 of 2nd period - Shot Misses the Net.
18:54 of 2nd period - Shot by Patrik Laine.
18:54 of 2nd period - Stopped by Thatcher Demko without a rebound.
18:55 of 2nd period - Eetu Luostarinen wins face-off versus Brendan Leipsic in BUFFALO Sabres zone.
19:25 of 2nd period - Brendan Leipsic is hit by Hampus Lindholm.
19:26 of 2nd period - Minor Penalty to Hampus Lindholm for Roughing.
19:27 of 2nd period - Ryan Johansen wins face-off versus Nicklas Backstrom in BUFFALO Sabres zone.
19:58 of 2nd period - Shot by Vincent Hinostroza.
19:58 of 2nd period - Shot Misses the Net.
Goals for this period are 0 for NEW YORK Islanders vs 3 for BUFFALO Sabres.
Shots for this period are 6 for NEW YORK Islanders vs 10 for BUFFALO Sabres.

3rd period


0:01 of 3rd period - Ryan Johansen wins face-off versus Jeff Skinner in neutral zone.
1:25 of 3rd period - Icing by Nicklas Backstrom.
1:26 of 3rd period - Jesper Boqvist wins face-off versus Brendan Lemieux in NEW YORK Islanders zone.
1:26 of 3rd period - Joe Hicketts is hit by Travis Dermott and loses puck.
2:03 of 3rd period - Shot by Brendan Leipsic.
2:03 of 3rd period - Stopped by Thatcher Demko without a rebound.
2:04 of 3rd period - Eetu Luostarinen wins face-off versus Jeff Skinner in BUFFALO Sabres zone.
2:29 of 3rd period - Shot by Nelson Nogier.
2:29 of 3rd period - Shot Misses the Net.
2:31 of 3rd period - Shot by Tyler Myers.
2:31 of 3rd period - Shot Misses the Net.
2:33 of 3rd period - Shot by Nelson Nogier.
2:33 of 3rd period - Stopped by Linus Ullmark without a rebound.
2:34 of 3rd period - Nicklas Backstrom wins face-off versus Sam Gagner in NEW YORK Islanders zone.
2:46 of 3rd period - Shot by Sam Gagner.
2:46 of 3rd period - Shot Misses the Net.
2:48 of 3rd period - Shot by Sam Gagner.
2:48 of 3rd period - Shot Misses the Net.
2:50 of 3rd period - Shot by Sam Gagner.
2:50 of 3rd period - Shot Misses the Net.
2:54 of 3rd period - Shot by Sam Gagner.
2:54 of 3rd period - Shot Blocked by Patrik Laine.
4:42 of 3rd period - Shot by Joel Farabee.
4:42 of 3rd period - Stopped by Linus Ullmark without a rebound.
4:43 of 3rd period - Eetu Luostarinen wins face-off versus Alexander Radulov in NEW YORK Islanders zone.
4:43 of 3rd period - Joel Farabee is hit by Adam Pelech and loses puck.
4:49 of 3rd period - Minor Penalty to Adam Pelech for Interference.
4:50 of 3rd period - Jeff Skinner wins face-off versus Sam Gagner in NEW YORK Islanders zone.
5:03 of 3rd period - Shot by Hampus Lindholm.
5:03 of 3rd period - Stopped by Linus Ullmark without a rebound.
5:04 of 3rd period - Sam Gagner wins face-off versus Jeff Skinner in NEW YORK Islanders zone.
5:09 of 3rd period - Shot by Hampus Lindholm.
5:09 of 3rd period - Stopped by Linus Ullmark without a rebound.
5:10 of 3rd period - Sam Gagner wins face-off versus Jeff Skinner in NEW YORK Islanders zone.
5:20 of 3rd period - Timothy Liljegren is hit by Travis Dermott and loses puck.
5:31 of 3rd period - Shot by Hampus Lindholm.
5:31 of 3rd period - Shot Misses the Net.
5:33 of 3rd period - Shot by Timothy Liljegren.
5:33 of 3rd period - Shot Blocked by Jeff Skinner.
5:45 of 3rd period - Shot by Sam Gagner.
5:45 of 3rd period - Shot Misses the Net.
5:47 of 3rd period - Shot by Mikhail Grigorenko.
5:47 of 3rd period - Shot Misses the Net.
5:49 of 3rd period - Shot by Hampus Lindholm.
5:49 of 3rd period - Stopped by Linus Ullmark with a rebound.
5:51 of 3rd period - Shot by Hampus Lindholm.
5:51 of 3rd period - Shot Blocked by Josh Bailey.
5:53 of 3rd period - Shot by Sam Gagner.
5:53 of 3rd period - Shot Misses the Net.
6:11 of 3rd period - Tyler Myers is hit by Nicklas Backstrom and loses puck.
7:00 of 3rd period - Minor Penalty to Vincent Hinostroza for Holding.
7:01 of 3rd period - Sam Gagner wins face-off versus Jeff Skinner in NEW YORK Islanders zone.
7:32 of 3rd period - Shot by Mikhail Grigorenko.
7:32 of 3rd period - Shot Misses the Net.
8:08 of 3rd period - Shot by Joel Farabee.
8:08 of 3rd period - Stopped by Linus Ullmark without a rebound.
8:09 of 3rd period - Nicklas Backstrom wins face-off versus Sam Gagner in NEW YORK Islanders zone.
8:41 of 3rd period - Hampus Lindholm is hit by Brendan Lemieux and loses puck.
8:48 of 3rd period - Shot by Nicklas Backstrom.
8:48 of 3rd period - Shot Misses the Net.
8:50 of 3rd period - Shot by Kevin Shattenkirk.
8:50 of 3rd period - Shot Blocked by Timothy Liljegren.
8:52 of 3rd period - Shot by Brendan Lemieux.
8:52 of 3rd period - Shot Misses the Net.
9:15 of 3rd period - Shot by Anton Blidh.
9:15 of 3rd period - Shot Misses the Net.
9:17 of 3rd period - Shot by Jesper Boqvist.
9:17 of 3rd period - Shot Blocked by Travis Dermott.
9:19 of 3rd period - Shot by Jesper Boqvist.
9:19 of 3rd period - Deflect By Warren Foegele.
9:19 of 3rd period - Shot Misses the Net.
9:21 of 3rd period - Shot by Anton Blidh.
9:21 of 3rd period - Stopped by Linus Ullmark without a rebound.
9:22 of 3rd period - Ryan Johansen wins face-off versus Brendan Leipsic in NEW YORK Islanders zone.
9:30 of 3rd period - Minor Penalty to Nikolai Knyzhov for Tripping.
9:31 of 3rd period - Josh Bailey wins face-off versus Ryan Johansen in NEW YORK Islanders zone.
10:49 of 3rd period - Shot by Timothy Liljegren.
10:49 of 3rd period - Stopped by Linus Ullmark without a rebound.
10:50 of 3rd period - Conor Sheary wins face-off versus Nicklas Backstrom in NEW YORK Islanders zone.
10:51 of 3rd period - Shot by Hampus Lindholm.
10:51 of 3rd period - Shot Blocked by Nicklas Backstrom.
10:53 of 3rd period - Shot by Timothy Liljegren.
10:53 of 3rd period - Stopped by Linus Ullmark without a rebound.
10:54 of 3rd period - Ryan Johansen wins face-off versus Jeff Skinner in NEW YORK Islanders zone.
10:57 of 3rd period - Shot by Hampus Lindholm.
10:57 of 3rd period - Goal by Hampus Lindholm - NEW YORK Islanders : 1 - BUFFALO Sabres : 4.
10:58 of 3rd period - Jesper Boqvist wins face-off versus Nicklas Backstrom in neutral zone.
11:03 of 3rd period - Shot by Warren Foegele.
11:03 of 3rd period - Shot Blocked by Nikolai Knyzhov.
11:08 of 3rd period - Travis Dermott is hit by Joe Hicketts and loses puck.
11:36 of 3rd period - Minor Penalty to Michael Del Zotto for Hooking.
11:37 of 3rd period - Ryan Johansen wins face-off versus Jeff Skinner in BUFFALO Sabres zone.
11:45 of 3rd period - Kevin Shattenkirk is hit by Timothy Liljegren and loses puck.
11:48 of 3rd period - Shot by Ryan McDonagh .
11:48 of 3rd period - Stopped by Thatcher Demko without a rebound.
11:49 of 3rd period - Ryan Johansen wins face-off versus Jeff Skinner in BUFFALO Sabres zone.
13:25 of 3rd period - Brandon Saad is hit by Nicklas Backstrom and loses puck.
13:37 of 3rd period - Icing by Ryan McDonagh .
13:38 of 3rd period - Eetu Luostarinen wins face-off versus Brendan Leipsic in NEW YORK Islanders zone.
13:39 of 3rd period - Shot by Joel Farabee.
13:39 of 3rd period - Stopped by Linus Ullmark without a rebound.
13:40 of 3rd period - Eetu Luostarinen wins face-off versus Brendan Leipsic in NEW YORK Islanders zone.
14:28 of 3rd period - Ryan McDonagh is hit by Joel Farabee and loses puck.
15:31 of 3rd period - Shot by Jeff Skinner.
15:31 of 3rd period - Shot Misses the Net.
16:51 of 3rd period - Shot by Ryan Johansen.
16:51 of 3rd period - Shot Misses the Net.
16:53 of 3rd period - Shot by Ryan Johansen.
16:53 of 3rd period - Shot Blocked by Ryan McDonagh .
16:57 of 3rd period - Shot by Conor Sheary.
16:57 of 3rd period - Shot Misses the Net.
17:21 of 3rd period - Kevin Shattenkirk is hit by Ivan Barbashev and loses puck.
17:32 of 3rd period - Shot by Joel Farabee.
17:32 of 3rd period - Stopped by Linus Ullmark without a rebound.
17:33 of 3rd period - Jeff Skinner wins face-off versus Brandon Saad in NEW YORK Islanders zone.
17:37 of 3rd period - Icing by Jeff Skinner.
17:38 of 3rd period - Anthony Duclair wins face-off versus Sam Gagner in NEW YORK Islanders zone.
17:50 of 3rd period - Anthony Duclair is hit by Nelson Nogier and loses puck.
17:59 of 3rd period - Shot by Kyle Palmieri.
17:59 of 3rd period - Stopped by Thatcher Demko without a rebound.
18:00 of 3rd period - Nicklas Backstrom wins face-off versus Ryan Johansen in BUFFALO Sabres zone.
18:31 of 3rd period - Shot by Ryan Johansen.
18:31 of 3rd period - Stopped by Linus Ullmark with a rebound.
18:33 of 3rd period - Shot by Anton Blidh.
18:33 of 3rd period - Shot Blocked by Travis Dermott.
19:21 of 3rd period - Shot by Mikhail Grigorenko.
19:21 of 3rd period - Shot Misses the Net.
Goals for this period are 0 for NEW YORK Islanders vs 1 for BUFFALO Sabres.
Shots for this period are 3 for NEW YORK Islanders vs 13 for BUFFALO Sabres.